 Dungeon Crawl Stone Soup version 0.31.0-32-g396128a36d (webtiles) character file.

Game seed: 7645547753233383177

23429 Marvel the Basher (level 13, -14/82 HPs)
             Began as a Gargoyle Fighter on Mar 16, 2024.
             Was a High Priest of Okawaru.
             Demolished by a death yak simulacrum (15 damage)
             ... in an ice cave.
             The game lasted 00:24:46 (13969 turns).

Marvel the Basher (Gargoyle Fighter)               Turns: 13969, Time: 00:24:47

Health: -14/82     AC: 19    Str: 29      XL:     13   Next: 6%
Magic:  12/14      EV: 14    Int:  7 (8)  God:    Okawaru [*****.]
Gold:   1081       SH: 10    Dex:  8      Spells: 12/12 levels left

rFire   . . .        p - +4 flail (heavy)
rCold   . . .        r - +3 buckler
rNeg    + . .        k - +0 acid dragon scales
rPois   ∞            (no helmet)
rElec   +            (no cloak)
rCorr   +            (no gloves)
SInv    +            (no boots)
Will    .....        (no amulet)
Stlth   +++          J - ring of see invisible
HPRegen 0.33/turn    I - ring of flight
MPRegen 0.14/turn

%: no passive effects
@: heroic, flying
A: sickness immunity, AC +9, negative energy resistance 1, electricity
resistance, torment resistance 1, petrification resistance, hooves 1,
deterioration 1, strong 1, inability to read after injury 1
a: Renounce Religion, Heroism, Finesse, Duel


You were in an ice cave.
You worshipped Okawaru.
Okawaru was extremely pleased with you.
You visited 2 branches of the dungeon, and saw 16 of its levels.
You also visited: Ice Cave.

You collected 1081 gold pieces.

Inventory:

Hand Weapons
 a - a +2 flail
 p - a +4 heavy flail (weapon)
 x - a +4 mace
 B - a +2 dire flail of protection
 L - the +0 sling "Yheahip" {freeze, SInv}
   (You found it on level 11 of the Dungeon)

   SInv:      It lets you see invisible.
Missiles
 A - 7 curare-tipped darts
 E - 16 poisoned darts (quivered)
 G - 5 atropa-tipped darts
 N - a silver javelin
Armour
 b - a +0 scale mail
 c - a +0 buckler
 k - +0 acid dragon scales (worn)
 r - a +3 buckler (worn)
Jewellery
 f - a ring of magical power
 y - an amulet of magic regeneration
 I - a ring of flight (right hand)
 J - a ring of see invisible (left hand)
 M - a ring of protection from fire
Wands
 g - a wand of quicksilver (14)
 t - a wand of mindburst (19)
 D - a wand of polymorph (5)
Scrolls
 e - 4 scrolls of teleportation
 h - 2 scrolls of enchant armour
 i - 2 scrolls of noise
 n - 3 scrolls of poison
 o - 3 scrolls of torment
 v - 6 scrolls of identify
 w - a scroll of blinking
 C - a scroll of enchant weapon
 F - 2 scrolls of brand weapon {unknown}
 H - a scroll of silence
Potions
 d - a potion of might
 j - 2 potions of berserk rage
 l - 2 potions of haste
 m - 2 potions of lignification {unknown}
 q - a potion of magic {unknown}
 s - 8 potions of curing
 u - a potion of enlightenment
 z - a potion of resistance {unknown}
 K - 2 potions of mutation
 O - a potion of attraction {unknown}


   Skills:
 + Level 10.0(15.0) Fighting
 + Level 13.9(18.9) Maces & Flails
 + Level 2.6(7.6) Throwing
 + Level 8.3(13.3) Armour
 + Level 6.2(11.2) Dodging
 + Level 3.1(8.1) Stealth
 + Level 10.1(15.1) Shields
 + Level 0.3(5.3) Unarmed Combat
 + Level 2.6 Invocations
 + Level 0.1 Evocations


You had 12 spell levels left.
You didn't know any spells.
Your spell library contained the following spells:

 Spells                   Type           Power      Damage    Failure   Level
 Blink                    Tloc           0%         N/A       65%         2
 Ensorcelled Hibernation  Hex/Ice        0%         N/A       65%         2
 Lesser Beckoning         Tloc           0%         N/A       65%         2
 Momentum Strike          Conj/Tloc      0%         3d8       65%         2
 Dazzling Flash           Conj/Hex       0%         N/A       86%         3
 Fugue of the Fallen      Necr           0%         N/A       86%         3
 Gell's Gravitas          Tloc           0%         N/A       86%         3
 Inner Flame              Hex/Fire       0%         N/A       86%         3
 Teleport Other           Tloc           0%         N/A       86%         3
 Volatile Blastmotes      Fire/Tloc      0%         2d10      86%         3
 Anguish                  Hex/Necr       0%         N/A       99%         4
 Dimensional Bullseye     Hex/Tloc       0%         N/A       99%         4
 Iskenderun's Mystic Bla  Conj/Tloc      0%         2d3       99%         4
 Passage of Golubria      Tloc           0%         N/A       99%         4
 Irradiate                Conj/Alch      0%         3d11      100%        5
 Silence                  Hex/Air        0%         N/A       100%        5
 Yara's Violent Unravell  Hex/Alch       0%         3d3       100%        5
 Dispersal                Tloc           0%         N/A       100%        6
 Starburst                Conj/Fire      0%         6d3       100%        6
 Ignition                 Fire           0%         3d3       100%        8
 Lehudib's Crystal Spear  Conj/Erth      0%         10d2      100%        8
 Maxwell's Capacitive Co  Air            0%         ∞         100%        8
 Tukima's Dance           Hex            Unusable   N/A       N/A         3

Dungeon Overview and Level Annotations

Branches:
Dungeon (15/15)            Temple (1/1) D:4             Orc (0/2) D:10
  IceCv (1/1)
   Lair: D:8-11      Vaults: D:13-14     Depths: D:15

Altars:
Ashenzari
Cheibriados
Dithmenos
Elyvilon
Fedhas
Gozag
Hepliaklqana
Kikubaaqudgha
Makhleb
Nemelex Xobeh
Okawaru
Qazlal
Ru
Sif Muna
Trog
Uskayaw
Vehumet
Wu Jian
Xom
Yredelemnul
Zin
The Shining One

Shops:
D:6 :

Annotations:
D:4 Blork the orc; H0rd4k's ghost, amateur OpAr
D:13 Azrael


Innate Abilities, Weirdness & Mutations

You are immune to sickness and miasma.
Your stone body is resilient. (AC +9)
You are immune to poison.
You resist negative energy. (rN+)
You are resistant to electric shocks. (rElec)
You are resistant to unholy torment.
You are immune to petrification.
You have large cloven feet.
Your body sometimes deteriorates upon taking damage.
Your muscles are strong. (Str +4, Int/Dex -1)
You occasionally lose the ability to read scrolls when taking damage.


Message History

You hear the quick crackling of a melting archway.
The queen bee buzzes angrily.
There is a frozen archway here.
The world spins around you as you enter the gateway.
You enter an ice cave!
Found an ice covered gate leading back out of this place.
There is an ice choked empty arch of ancient stone here.
You sock the death yak simulacrum! You kick the death yak simulacrum!
The death yak simulacrum is moderately damaged.
You block the death yak simulacrum's attack.
You sock the death yak simulacrum! You kick the death yak simulacrum.
The death yak simulacrum is severely damaged.
You block the death yak simulacrum's attack. x2
You bludgeon the death yak simulacrum!!
The death yak simulacrum vaporises!
Okawaru accepts your kill. The death yak simulacrum gores you!
The death yak simulacrum freezes you!!
Your body deteriorates!
You feel dopey.
You are too injured to fight recklessly!
You are too injured to fight recklessly!
You are too injured to fight recklessly!
The cane toad simulacrum attacks as it pursues you!
The cane toad simulacrum hits you. The cane toad simulacrum freezes you!
You are too injured to fight recklessly!
You are too injured to fight recklessly!
You are too injured to fight recklessly!
You hammer the cane toad simulacrum like a gong!!!
The cane toad simulacrum vaporises!
Okawaru accepts your kill.
You sock the death yak simulacrum!
You kick the death yak simulacrum, but do no damage.
The death yak simulacrum is moderately damaged.
The death yak simulacrum gores you but does no damage.
You bludgeon the death yak simulacrum!! You kick the death yak simulacrum.
The death yak simulacrum is severely damaged.
The death yak simulacrum gores you. The death yak simulacrum freezes you!!
* * * LOW HITPOINT WARNING * * *
You gain the combat prowess of a mighty hero.
The death yak simulacrum gores you!
You die...

####### #####
#.....## #..$/[
#......###.....(
#.......#.......
#.∩..∩.@Z.......
#.......#.......
#......###.....!
#.....## #..($$
####### #####


You could see a death yak simulacrum.

Vanquished Creatures
  2 centaur warriors
  A death knight (D:14)
  2 two-headed ogres
  A boulder beetle (D:14)
  Sonja (D:10)
  Amaemon (D:8)
  Lodul (D:10)
  A deep elf pyromancer (D:14)
  A cyclops (shapeshifter) (D:14)
  4 ugly things
  A manticore (D:11)
  A cyclops (D:14)
  A black mamba (shapeshifter) (D:14)
  An orange demon (D:8)
  Jeremiah (D:8)
  Psyche (D:11)
  3 trolls
  2 hornets (D:7)
  Grinder (D:4)
  6 slime creatures (D:14)
  2 water elementals (D:11)
  2 wraiths (D:11)
  A vampire (D:9)
  A fire elemental (D:13)
  A shadow (D:6)
  20 yaks
  2 wyverns
  4 steam dragons
  4 vampire mosquitoes
  A death yak simulacrum (IceCv)
  2 acid dragons
  A sky beast (D:7)
  4 ice beasts
  9 orc warriors
  2 black bears
  12 ogres
  6 centaurs
  3 kobold brigands
  4 gnoll sergeants
  A cane toad simulacrum (IceCv)
  8 bullfrogs
  15 wights
  8 killer bees
  6 howler monkeys
  6 electric eels (D:11)
  A jelly (D:7)
  A hound (D:4)
  2 gnoll boudas
  5 orc priests
  4 iguanas
  4 orc wizards
  Robin (D:4)
  22 gnolls
  3 adders
  A river rat (D:4)
  3 white imps
  3 ufetubi
  4 dart slugs
  39 orcs
  5 endoplasms
  6 giant cockroaches
  9 goblins
  5 hobgoblins
  7 jackals
  3 quokkas
  7 ball pythons
  8 bats
  3 frilled lizards
  13 kobolds
  3 rats
320 creatures vanquished.

Vanquished Creatures (others)
  A howler monkey (D:7)
  An orc (D:9)
2 creatures vanquished.

Grand Total: 322 creatures vanquished

Notes
Turn   | Place    | Note
-------+----------+-------------------------------------------
     0 | D:1      | Marvel the Gargoyle Fighter began the quest for the Orb.
     0 | D:1      | Reached XP level 1. HP: 14/14 MP: 1/1
   199 | D:1      | Reached XP level 2. HP: 19/19 MP: 2/2
   323 | D:1      | Reached XP level 3. HP: 17/23 MP: 3/3
   824 | D:2      | Found a faded altar of an unknown god.
  1441 | D:3      | Found a shimmering blue altar of Sif Muna.
  1562 | D:3      | Reached XP level 4. HP: 29/29 MP: 4/4
  2188 | D:4      | Noticed Grinder
  2201 | D:4      | Killed Grinder
  2202 | D:4      | Reached skill level 4 in Maces & Flails
  2202 | D:4      | Reached XP level 5. HP: 23/33 MP: 5/5
  2202 | D:4      | Reached XP level 6. HP: 27/38 MP: 6/6
  2251 | D:4      | Found a staircase to the Ecumenical Temple.
  2252 | D:4      | Noticed Robin
  2265 | D:4      | Noticed a black bear
  2344 | D:4      | Reached skill level 1 in Stealth
  2393 | D:4      | Reached skill level 1 in Dodging
  2581 | D:4      | Gained mutation: Your flesh is cold resistant. (rC+)
                  | [potion of mutation]
  2581 | D:4      | Gained mutation: You occasionally lose the ability to read
                  | scrolls when taking damage. [potion of mutation]
  2581 | D:4      | Gained mutation: You are frail. (-10% HP) [potion of
                  | mutation]
  2582 | D:4      | Lost mutation: You are frail. (-10% HP) [potion of
                  | mutation]
  2582 | D:4      | Lost mutation: Your flesh is cold resistant. (rC+) [potion
                  | of mutation]
  2582 | D:4      | Lost mutation: You occasionally lose the ability to read
                  | scrolls when taking damage. [potion of mutation]
  2582 | D:4      | Gained mutation: You occasionally lose the ability to read
                  | scrolls when taking damage. [potion of mutation]
  2582 | D:4      | Gained mutation: You have large cloven feet. [potion of
                  | mutation]
  2582 | D:4      | Gained mutation: Your body sometimes deteriorates upon
                  | taking damage. [potion of mutation]
  2582 | D:4      | Gained mutation: Your muscles are strong. (Str +4, Int/Dex
                  | -1) [potion of mutation]
  2642 | D:4      | Found a runed translucent door.
  2643 | D:4      | Noticed H0rd4k's ghost (amateur OpAr)
  2684 | D:5      | Entered Level 5 of the Dungeon
  2692 | D:5      | Reached XP level 7. HP: 36/43 MP: 7/7
  2757 | D:5      | Reached skill level 5 in Maces & Flails
  2777 | D:5      | Found a glowing silver altar of Zin.
  2935 | D:5      | Found a sparkling altar of Nemelex Xobeh.
  2942 | D:5      | Found a glowing golden altar of the Shining One.
  3110 | D:4      | Reached skill level 5 in Armour
  3162 | D:4      | Killed Robin
  3164 | D:4      | Noticed Blork the orc
  3196 | Temple   | Entered the Ecumenical Temple
  3217 | Temple   | Became a worshipper of Warmaster Okawaru
  3494 | D:5      | Reached skill level 5 in Shields
  3494 | D:5      | Reached XP level 8. HP: 31/48 MP: 8/8
  3820 | D:5      | Reached skill level 6 in Maces & Flails
  4407 | D:6      | Noticed a shadow
  4425 | D:6      | Killed a shadow
  4426 | D:6      | Reached skill level 5 in Fighting
  4749 | D:6      | Found Omuunij's Tremendous Tomes.
  4777 | D:7      | Noticed a hornet
  4783 | D:7      | Killed a hornet
  4783 | D:7      | Reached * piety under Okawaru
  4784 | D:7      | Reached skill level 7 in Maces & Flails
  4890 | D:7      | Reached XP level 9. HP: 38/55 MP: 9/9
  5041 | D:7      | Noticed a hornet
  5054 | D:7      | Killed a hornet
  5054 | D:7      | Reached ** piety under Okawaru
  5055 | D:7      | Reached skill level 8 in Maces & Flails
  5586 | D:7      | Reached *** piety under Okawaru
  5587 | D:7      | Reached skill level 9 in Maces & Flails
  5956 | D:7      | Reached XP level 10. HP: 55/61 MP: 10/10
  6069 | D:8      | Reached **** piety under Okawaru
  6318 | D:8      | Reached skill level 10 in Maces & Flails
  6412 | D:8      | Identified the +1 leather armour "Vybik" {Int+3}
  6511 | D:8      | Noticed Jeremiah
  6777 | D:8      | Noticed Amaemon
  6823 | D:10     | Entered Level 10 of the Dungeon
  7049 | D:10     | Reached skill level 11 in Maces & Flails
  7080 | D:10     | Reached XP level 11. HP: 13/68 MP: 8/11
  7082 | D:10     | Reached skill level 1 in Invocations
  7266 | D:10     | Reached skill level 1 in Throwing
  8006 | D:10     | Noticed Sonja
  8078 | D:10     | Killed Sonja
  8107 | D:10     | Found a staircase to the Orcish Mines.
  8671 | D:10     | Reached ***** piety under Okawaru
  8727 | D:10     | Reached skill level 12 in Maces & Flails
  8956 | D:10     | Noticed Lodul
  9100 | D:8      | Killed Jeremiah
  9362 | D:8      | Killed Amaemon
  9363 | D:8      | Reached skill level 5 in Dodging
 10003 | D:10     | Killed Lodul
 10115 | D:10     | Reached XP level 12. HP: 65/75 MP: 13/13
 11045 | D:11     | Noticed a two-headed ogre
 11103 | D:11     | Killed a two-headed ogre
 11292 | D:11     | Noticed Psyche
 11306 | D:11     | Killed Psyche
 11306 | D:11     | Received a gift from Okawaru
 11314 | D:11     | Identified the +0 sling "Yheahip" {freeze, SInv}
 11515 | D:11     | You are sucked into a shaft and drop 3 floors!
 11692 | D:14     | Reached skill level 13 in Maces & Flails
 11704 | D:14     | HP: 3/75 [white ugly thing (26)]
 11710 | D:14     | Noticed a death knight
 11955 | D:14     | Killed a death knight
 12182 | D:14     | Noticed a boulder beetle
 12407 | D:14     | Killed a boulder beetle
 12556 | D:15     | Entered Level 15 of the Dungeon
 12703 | D:15     | Received a gift from Okawaru
 12771 | D:14     | Noticed a centaur warrior
 12783 | D:14     | Killed a centaur warrior
 13548 | D:13     | Noticed a centaur warrior
 13549 | D:13     | Noticed Azrael
 13761 | D:13     | Noticed a two-headed ogre
 13768 | D:13     | Killed a two-headed ogre
 13769 | D:13     | Reached skill level 10 in Fighting
 13769 | D:13     | Reached skill level 10 in Shields
 13769 | D:13     | Reached XP level 13. HP: 71/82 MP: 14/14
 13952 | D:13     | Found a frozen archway.
 13958 | IceCv    | Entered an ice cave
 13968 | IceCv    | HP: 1/82 [death yak simulacrum (30)]
 13969 | IceCv    | Demolished by a death yak simulacrum

Illustrated notes

Levels and vault maps discovered:
D:1:      minmay_arrival_stair_chambers, layout_basic
D:2:      layout_loops_ring, nicolae_ecumenical_lake_church, minivault_25
D:3:      minmay_evil_eye, layout_loops_ring, marbit_many_paths
D:4:      kennysheep_big_flooded_room, layout_basic,
          minmay_temple_entry_large_hall, ebering_ghost_sewer_f, uniq_grinder,
          uniq_blork_the_orc, uniq_robin
D:5:      layout_basic, mainiacjoe_overflow_big_doors, zin_scriptorium
D:6:      layout_rooms, grunt_ministairs_2, nicolae_shop_i_like_big_books
D:7:      minmay_razor_zed, layout_loops_ring, st_stairs_3
D:8:      layout_basic, lightli_minifort, uniq_amaemon, uniq_jeremiah
D:9:      layout_basic, nzn_life_drinkers
D:10:     layout_loops_ring, kennysheep_orc_monster_closet_entryway,
          nicolae_concentric_dashed_squares_mild, uniq_lodul, uniq_sonja
D:11:     erik_rubicon_a, layout_irregular_city, lair_entry_dummy,
          lightli_church_of_beogh, uniq_psyche
D:12:     layout_cave_pools, serial_shops, nicolae_shop_gibbet_a_chance,
          fedhas_bush_and_centaur_altar
D:13:     layout_cave_pods, david_vaults_5, portal_ice_cave_entry_pillars_2,
          uniq_azrael
D:14:     layout_gridville, hangedman_abyss_or_decor_stabs
D:15:     gammafunk_enter_depths_forms, layout_layer_cave, okawaru_gym_becter
Temple:   regret_index_temple_chain_breaker
IceCv:    ice_cave_statue_garden_chambered

Skill      XL: |  1  2  3  4  5  6  7  8  9 10 11 12 |
---------------+-------------------------------------+-----
Fighting       | 4 5 6 7 8 10 | 10.0
Maces & Flails | 4 5 7 9 11 12 13 | 13.9
Armour         | 4 5 6 7 8 |  8.3
Shields        | 4 5 6 7 9 10 | 10.1
Stealth        | 1 2 3 |  3.1
Dodging        | 1 2 3 5 6 |  6.2
Invocations    | 1 2 |  2.6
Throwing       | 1 2 |  2.6
Unarmed Combat | |  0.3
Evocations     | |  0.1

Action                     |  1- 3 |  4- 6 |  7- 9 | 10-12 | 13-15 || total
---------------------------+-------+-------+-------+-------+-------++-------
  Melee: Flail             |   150 |    94 |   297 |   556 |     9 ||  1106
         Kick              |       |     3 |    69 |   152 |     5 ||   229
         Unarmed           |       |       |       |     8 |       ||     8
  Throw: Dart              |       |       |       |    31 |       ||    31
 Invoke: Heroism           |       |       |       |    17 |     1 ||    18
  Evoke: Wand              |       |       |       |     2 |       ||     2
    Use: Potion            |       |     4 |       |     1 |       ||     5
         Scroll            |       |       |     9 |     8 |       ||    17
 Armour: Scale mail        |   111 |    95 |   226 |    58 |       ||   490
         Acid dragon scale |       |       |       |   392 |    13 ||   405
         Skin              |       |       |       |     6 |       ||     6
  Dodge: Dodged            |    82 |    54 |   147 |   292 |     1 ||   576
  Block: Buckler           |    40 |    56 |   119 |   246 |     8 ||   469
